 Dungeon Crawl Stone Soup version 0.30-a0-393-g54b8e3be05 (webtiles) character file.

Game seed: 11008320064949537392

34168 NinjaNoafa the Carver (level 13, -6/103 HPs)
             Began as a Merfolk Gladiator on Dec 5, 2022.
             Was a High Priest of Uskayaw.
             Mangled by a death yak (8 damage)
             ... on level 5 of the Lair of Beasts.
             The game lasted 00:26:06 (14730 turns).

NinjaNoafa the Carver (Merfolk Gladiator)          Turns: 14730, Time: 00:26:07

Health: -6/103     AC: 15    Str: 16    XL:     13   Next: 75%
Magic:  20/20      EV: 36    Int:  8    God:    Uskayaw [*****.]
Gold:   918        SH:  0    Dex: 26    Spells: 12/12 levels left

rFire   . . .      SeeInvis .    a - +8 long sword "Gram" {speed, rCorr Dex+3}
rCold   + . .      Faith    .    (no shield)
rNeg    . . .      Spirit   .    C - +2 leather armour of the Mind {rPois Will+ Dex+3}
rPois   +          Reflect  .    t - +2 hat {Will+}
rElec   .          Harm     .    z - +2 cloak
rCorr   +          Rampage  .    L - +2 pair of gloves {Stlth+}
Will    ++++.                    H - +0 pair of boots
Stlth   ++++++....               F - amulet of the acrobat
HPRegen 0.37/turn                w - ring "Cublor" {rC+ Will+ Str+2}
MPRegen 0.17/turn                B - +4 ring of slaying

@: acrobatic
A: (nimble swimmer 2), mertail, horns 1, strong-willed 1
a: Renounce Religion, Stomp, Line Pass, Grand Finale


You were on level 5 of the Lair of Beasts.
You worshipped Uskayaw.
Uskayaw was aware of your devotion.
You visited 3 branches of the dungeon, and saw 16 of its levels.
You also visited: Sewer.

You collected 1067 gold pieces.
You spent 149 gold pieces at shops.

Inventory:

Hand Weapons
 a - the +8 long sword "Gram" (weapon) {speed, rCorr Dex+3}
   (You found it on level 6 of the Dungeon)

   Attacks with this weapon are significantly faster.
   Dex:       It affects your dexterity (+3).
   rCorr:     It protects you from acid and corrosion.
 b - a +5 short sword of flaming
 c - the +8 long sword of the Eternal Warrior {venom, rElec Str+2 Int-2 Stlth+}
   (You found it on level 5 of the Dungeon)

   It poisons the flesh of those it strikes.
   Str:       It affects your strength (+2).
   Int:       It affects your intelligence (-2).
   rElec:     It insulates you from electricity.
   Stlth:     It makes you more stealthy.
Missiles
 d - 4 throwing nets
 e - 4 javelins
 f - 106 stones
 u - 4 boomerangs (quivered)
 M - 12 curare-tipped darts
 V - 18 poisoned darts
Armour
 t - a +2 hat of willpower (worn)
 z - a +2 cloak (worn)
 C - the +2 leather armour of the Mind (worn) {rPois Will+ Dex+3}
   (You found it on level 3 of the Dungeon)

   Dex:       It affects your dexterity (+3).
   rPois:     It protects you from poison.
   Will:      It increases your willpower.
 H - a +0 pair of boots (worn)
 L - a +2 pair of gloves of stealth (worn)
Jewellery
 m - a ring of magical power
 p - a +6 ring of intelligence
 w - the ring "Cublor" (left hand) {rC+ Will+ Str+2}
   (You found it on level 3 of the Dungeon)

   [ring of willpower]

   Str:       It affects your strength (+2).
   rC:        It protects you from cold.
   Will:      It increases your willpower.
 B - a +4 ring of slaying (right hand)
 F - an amulet of the acrobat (around neck)
 P - a ring of fire
 X - a ring of protection from fire
Wands
 s - a wand of flame (24)
 E - a wand of roots (3)
 O - a wand of polymorph (2)
Scrolls
 h - a scroll of poison
 j - 10 scrolls of teleportation
 l - a scroll of vulnerability
 o - 3 scrolls of blinking
 q - 2 scrolls of fear
 v - a scroll of silence
 y - 2 scrolls of brand weapon
 J - 3 scrolls of amnesia
 R - 2 scrolls of summoning {unknown}
 T - a scroll of butterflies
Potions
 g - 8 potions of curing
 i - 4 potions of ambrosia
 k - 5 potions of might
 n - 2 potions of flight
 r - 2 potions of berserk rage {unknown}
 x - 4 potions of attraction
 A - 2 potions of brilliance
 D - 3 potions of lignification {unknown}
 G - a potion of magic {unknown}
 I - a potion of mutation
 K - a potion of heal wounds
 N - 2 potions of resistance {unknown}
 S - 3 potions of haste {unknown}
 W - a potion of degeneration {unknown}


   Skills:
 - Level 10.0 Fighting
 - Level 6.5(10.5) Short Blades
 + Level 12.8(13.4) Long Blades
 - Level 5.0 Throwing
 + Level 7.1 Armour
 - Level 10.0 Dodging
 - Level 10.0 Stealth
 + Level 10.2 Invocations
 + Level 4.6 Evocations


You had 12 spell levels left.
You didn't know any spells.
Your spell library contained the following spells:

 Spells                   Type           Power      Damage    Failure   Level
 Freeze                   Ice            0%         1d3       45%         1
 Magic Dart               Conj           0%         1d3       45%         1
 Searing Ray              Conj           0%         2d4       61%         2
 Sublimation of Blood     Necr           0%         N/A       61%         2
 Wereblood                Tmut           0%         N/A       61%         2
 Frozen Ramparts          Ice            0%         1d1       83%         3
 Gell's Gravitas          Tloc           0%         N/A       83%         3
 Hailstorm                Conj/Ice       0%         3d3       83%         3
 Kindle Blastsparks       Fire/Tloc/Air  0%         2d10      83%         3
 Lesser Beckoning         Tloc           0%         N/A       83%         3
 Teleport Other           Tloc           0%         N/A       83%         3
 Fulminant Prism          Conj/Hex       0%         3d5       99%         4
 Iskenderun's Mystic Bla  Conj/Tloc      0%         2d3       99%         4
 Petrify                  Tmut/Erth      0%         N/A       99%         4
 Irradiate                Conj/Tmut      0%         3d11      100%        5
 Lee's Rapid Deconstruct  Erth           0%         3d4*      100%        5
 Summon Hydra             Summ           0%         N/A       100%        7


Dungeon Overview and Level Annotations

Branches:
Dungeon (10/15)            Temple (1/1) D:5            Lair (5/5) D:8
 Shoals (0/4) Lair:3       Spider (0/4) Lair:3        Sewer (visited)
  Slime: Lair:4-5       Orc: D:9-12

Altars:
Ashenzari
Cheibriados
Dithmenos
Elyvilon
Fedhas
Gozag
Hepliaklqana
Kikubaaqudgha
Makhleb
Nemelex Xobeh
Okawaru
Qazlal
Ru
Sif Muna
Trog
Uskayaw
Vehumet
Wu Jian
Xom
Yredelemnul
Zin
The Shining One
Lugonu

Shops:
D:3 *

Portals:
Abyss: Lair:2

Annotations:
Lair:1 3 runed translucent doors, AigisTheKnight's ghost, journeyman GrEE
Lair:3 2 transporters, DeathPants's ghost, journeyman VSBr


Innate Abilities, Weirdness & Mutations

((You are very nimble when in or above water. (Stealth+, EV+, Speed+++)))
Your lower body shifts to a powerful aquatic tail in water.
You have a pair of small horns on your head.
You are strong-willed. (Will+)


Message History

The helpless black mamba fails to defend itself.
You slash the black mamba!
The black mamba is moderately wounded.
The death yak is no longer paralysed.
The death yak gores you.
The death yak is engulfed in calcifying dust.
Uskayaw will force your foes to share their pain.
Uskayaw links your audience in an emotional bond!
The helpless death yak fails to defend itself.
You slice the death yak!!
You kill the death yak!
The dream sheep bleats! x2
You headbutt the death yak.
The death yak is moderately wounded.
The helpless death yak fails to defend itself.
You hit the death yak.
The death yak is moderately wounded.
The death yak gores you but does no damage.
The dream sheep shake their wool and sparkle.
You feel drowsy...
You fall asleep.
The dream sheep is no longer paralysed.
The death yak is no longer paralysed.
The death yak gores you!!!
You wake up.
The death yak completely misses you.
The helpless black mamba fails to defend itself.
You hit the black mamba.
You kill the black mamba!
The dream sheep stops moving altogether!
You slash the death yak!
The death yak is heavily wounded.
You slash the death yak!
The death yak is severely wounded.
The dream sheep is no longer sharing its pain.
The death yak gores you!
* * * LOW HITPOINT WARNING * * *
The death yak misses you.
You can now merge with and destroy a victim.
The death yak completely misses you. The death yak misses you.
Uskayaw links your audience in an emotional bond!
The death yak attacks as you move away! The death yak gores you!!
* * * LOW HITPOINT WARNING * * *
The death yak attacks as you move away! The death yak gores you!
You die...

....... #..#.##....#
.# .......
..........###...
......
......P..#.....
).....
.........+..+..
..... ######.....##
..... ### ####...###
....
..##..##)†..?..###
........Y.Y.Y....#.
.........@..Y.Y.....
..........<..Y......
○○.......###....<..Y
....#.#### .........
... ## #...#.##. .Y
....## . ...## ..##
P..... ........ ..#


You could see 2 death yaks and 4 dream sheep.

Vanquished Creatures
  Gastronok (D:8)
  The ghost of Kinepo the Severer, a journeyman FoFi of Makhleb (Lair:4)
  2 hydras
  3 catoblepae (Lair:5)
  9 death yaks
  An orb spider (Lair:3)
  Pikel (D:7)
  2 manticores (Lair:5)
  A moth of wrath (Lair:4)
  3 elephants (Lair:4)
  2 black mambas
  A gargoyle (D:8)
  14 cane toads
  2 rime drakes (Lair:2)
  3 komodo dragons
  A polar bear (Lair:4)
  A hornet (Lair:4)
  Prince Ribbit (D:7)
  A dream sheep (Lair:4)
  4 blink frogs (Lair:1)
  Sigmund (D:5)
  4 spriggans (Lair:4)
  36 yaks
  5 basilisks
  Grum (Lair:1)
  A wyvern (D:8)
  Edmund (D:5)
  An acid dragon (D:8)
  9 water moccasins
  A black bear (D:6)
  2 ice beasts
  3 orc warriors
  Duvessa (D:6)
  10 wolves
  A lemure (D:7)
  9 centaurs
  2 kobold brigands
  6 bullfrogs
  A necrophage (D:6)
  4 scorpions
  17 wights
  Dowan (D:6)
  15 killer bees
  2 howler monkeys (D:9)
  An electric eel (Lair:2)
  A jelly (D:6)
  2 hounds (D:7)
  A gnoll bouda (D:9)
  2 orc priests
  Crazy Yiuf (D:7)
  Jessica (D:2)
  9 orc wizards
  An iguana (D:5)
  Ijyb (D:4)
  Robin (D:4)
  5 gnolls (D:9)
  9 adders
  3 white imps
  2 ufetubi
  A worm (D:3)
  A dart slug (D:1)
  34 orcs
  7 ball pythons
  4 endoplasms
  10 giant cockroaches
  12 goblins
  10 hobgoblins
  9 jackals
  15 kobolds
  10 quokkas
  2 bats (D:2)
  10 frilled lizards
  10 rats
  A butterfly (Lair:4)
  A lurking horror (Lair:2)
365 creatures vanquished.

Vanquished Creatures (others)
  35 fungi
  A lurking horror (Lair:2)
  37 plants
73 creatures vanquished.

Grand Total: 438 creatures vanquished

Notes
Turn   | Place    | Note
-------+----------+-------------------------------------------
     0 | D:1      | NinjaNoafa the Merfolk Gladiator began the quest for the
                  | Orb.
     0 | D:1      | Reached XP level 1. HP: 16/16 MP: 1/1
   117 | D:1      | Reached XP level 2. HP: 23/23 MP: 2/2
   751 | D:1      | Reached XP level 3. HP: 15/28 MP: 3/3
  1362 | D:2      | Reached skill level 1 in Stealth
  1604 | D:2      | Found an opulent altar of Gozag.
  1633 | D:2      | Noticed Jessica
  1636 | D:2      | Killed Jessica
  1637 | D:2      | Reached skill level 5 in Dodging
  1637 | D:2      | Reached XP level 4. HP: 35/35 MP: 4/4
  2084 | D:3      | Found a glowing drain.
  2108 | Sewer    | Entered a sewer
  2210 | Sewer    | Reached XP level 5. HP: 41/41 MP: 5/5
  2247 | Sewer    | Reached skill level 5 in Short Blades
  2247 | Sewer    | Reached XP level 6. HP: 26/48 MP: 6/6
  2642 | D:3      | Identified the ring "Cublor" {rC+ Will+ Str+2}
  2814 | D:3      | Found Datzox's General Store.
  2876 | D:3      | Identified the +2 leather armour of the Mind {rPois Will+
                  | Dex+3}
  3050 | D:3      | Found a faded altar of an unknown god.
  3338 | D:4      | Reached XP level 7. HP: 50/55 MP: 7/7
  3496 | D:4      | Noticed Ijyb
  3506 | D:4      | Killed Ijyb
  3538 | D:4      | Noticed Robin
  3573 | D:4      | Killed Robin
  3727 | D:4      | Reached skill level 5 in Fighting
  3838 | D:5      | Entered Level 5 of the Dungeon
  3876 | D:5      | Identified the +8 long sword of the Eternal Warrior {venom,
                  | rElec Str+2 Int-2 Stlth+}
  3985 | D:5      | Noticed Sigmund
  3993 | D:5      | Killed Sigmund
  3994 | D:5      | Reached skill level 1 in Long Blades
  3994 | D:5      | Reached XP level 8. HP: 60/64 MP: 8/8
  4018 | D:5      | Noticed Edmund
  4028 | D:5      | Killed Edmund
  4029 | D:5      | Reached skill level 2 in Long Blades
  4100 | D:5      | Found a staircase to the Ecumenical Temple.
  4111 | Temple   | Entered the Ecumenical Temple
  4219 | Temple   | Became a worshipper of Uskayaw the Reveller
  4369 | D:5      | Reached * piety under Uskayaw
  4371 | D:5      | Reached ** piety under Uskayaw
  4375 | D:5      | Reached *** piety under Uskayaw
  4540 | D:5      | You fall into a shaft and drop 2 floors!
  4554 | D:7      | Noticed Pikel
  4556 | D:7      | Noticed Prince Ribbit
  4570 | D:7      | Killed Pikel
  4571 | D:7      | Reached skill level 4 in Long Blades
  4572 | D:7      | Reached **** piety under Uskayaw
  4574 | D:7      | Reached ***** piety under Uskayaw
  4575 | D:7      | Killed Prince Ribbit
  4576 | D:7      | Reached skill level 5 in Long Blades
  4576 | D:7      | Reached skill level 5 in Stealth
  4576 | D:7      | Reached XP level 9. HP: 41/72 MP: 9/9
  4654 | D:7      | Reached skill level 6 in Long Blades
  4820 | D:6      | Identified the +8 long sword "Gram" {speed, rCorr Dex+3}
  4835 | D:6      | Noticed Dowan
  4836 | D:6      | Noticed Duvessa
  4842 | D:6      | Killed Dowan
  4848 | D:6      | Killed Duvessa
  4849 | D:6      | Reached skill level 1 in Invocations
  5315 | D:3      | Bought a +0 pair of gloves of stealth for 149 gold pieces
  5958 | D:7      | Reached skill level 7 in Long Blades
  6141 | D:7      | Reached XP level 10. HP: 79/80 MP: 12/12
  6208 | D:7      | Reached skill level 1 in Armour
  6333 | D:7      | Found a runed translucent door.
  6334 | D:7      | Noticed Crazy Yiuf
  6473 | D:7      | Killed Crazy Yiuf
  6605 | D:8      | Noticed Gastronok
  6620 | D:8      | Killed Gastronok
  6850 | D:8      | Found a white marble altar of Elyvilon.
  7280 | D:8      | Found a shimmering blue altar of Sif Muna.
  7507 | D:8      | Noticed a gargoyle
  7515 | D:8      | Killed a gargoyle
  7602 | D:8      | Found a staircase to the Lair.
  7842 | D:9      | Reached XP level 11. HP: 89/89 MP: 13/13
  7951 | D:9      | Reached skill level 5 in Throwing
  8443 | D:10     | Entered Level 10 of the Dungeon
  8688 | Lair:1   | Entered Level 1 of the Lair of Beasts
  8781 | Lair:1   | Noticed Grum
  8792 | Lair:1   | Killed Grum
  8898 | Lair:1   | Reached skill level 5 in Armour
  8933 | Lair:1   | Reached skill level 8 in Long Blades
  9057 | Lair:1   | Found a runed translucent gate.
  9057 | Lair:1   | Noticed an eight-headed hydra
  9058 | Lair:1   | Found a runed translucent gate.
  9059 | Lair:1   | Found a runed translucent gate.
  9280 | Lair:1   | Noticed a minotaur
  9417 | Lair:1   | Reached skill level 10 in Dodging
  9450 | Lair:1   | Noticed AigisTheKnight's ghost (journeyman GrEE)
  9983 | Lair:2   | Reached skill level 10 in Fighting
  9995 | Lair:2   | Reached skill level 5 in Invocations
 10158 | Lair:2   | Noticed a four-headed hydra
 10170 | Lair:2   | Gained mutation: You are strong-willed. (Will+) [potion of
                  | mutation]
 10170 | Lair:2   | Gained mutation: You have a pair of small horns on your
                  | head. [potion of mutation]
 10173 | Lair:2   | Killed a five-headed hydra
 10174 | Lair:2   | Reached XP level 12. HP: 55/97 MP: 14/16
 10388 | Lair:2   | Reached skill level 9 in Long Blades
 10573 | Lair:2   | Found a one-way gate to the infinite horrors of the Abyss.
 10898 | Lair:2   | Found a corrupted altar of Lugonu.
 11471 | Lair:3   | Found a transporter.
 11473 | Lair:3   | Noticed a death yak
 11474 | Lair:3   | Found a transporter.
 11474 | Lair:3   | Noticed DeathPants's ghost (journeyman VSBr)
 11479 | Lair:3   | Found a staircase to the Shoals.
 11529 | Lair:3   | Noticed an alligator
 11532 | Lair:3   | Noticed a five-headed hydra
 11775 | Lair:3   | Found a hole to the Spider Nest.
 12459 | Lair:4   | Reached skill level 10 in Long Blades
 12544 | Lair:4   | Reached skill level 10 in Stealth
 12551 | Lair:4   | Found a transporter.
 12999 | Lair:4   | Found a transporter.
 13005 | Lair:4   | Found a bloodstained altar of Trog.
 13014 | Lair:4   | Noticed Kinepo's ghost (journeyman FoFi)
 13154 | Lair:5   | Entered Level 5 of the Lair of Beasts
 13165 | Lair:5   | Reached skill level 11 in Long Blades
 13166 | Lair:5   | Noticed a boulder beetle
 13168 | Lair:5   | Noticed a death yak
 13168 | Lair:5   | Noticed a death yak
 13168 | Lair:5   | Noticed a death yak
 13169 | Lair:5   | Noticed a death yak
 13169 | Lair:5   | Noticed a seven-headed hydra
 13181 | Lair:4   | Killed a death yak
 13184 | Lair:4   | Killed a seven-headed hydra
 13360 | Lair:4   | Reached skill level 1 in Evocations
 13360 | Lair:4   | Reached XP level 13. HP: 75/103 MP: 17/19
 13364 | Lair:4   | Killed Kinepo's ghost
 13792 | Lair:5   | Reached skill level 12 in Long Blades
 13880 | Lair:5   | Reached ****** piety under Uskayaw
 14491 | Lair:5   | Reached skill level 10 in Invocations
 14730 | Lair:5   | HP: 2/103 [death yak (22)]
 14730 | Lair:5   | Mangled by a death yak

Illustrated notes

Levels and vault maps discovered:
D:1:      tarquinn_simple_flora_water_e, layout_basic
D:2:      layout_basic, basic_altar, serial_bayou, serial_bayou_crossing,
          serial_bayou_ford_a, serial_bayou_pond_e, serial_bayou_lake_a,
          serial_bayou_pond_e, uniq_jessica
D:3:      layout_loops_ring, shapermc_ecumenical_altar_petra,
          portal_sewer_entry_a, serial_shops, nicolae_shop_stone
D:4:      layout_rooms, minivault_5, uniq_robin, uniq_ijyb
D:5:      layout_rooms, minmay_temple_entry_waves, serial_corexii_hall,
          corexii_hall_statues_l, corexii_hall_statues_l,
          corexii_hall_statues_i, corexii_hall_statues_u, abandoned_shop,
          sigmund_edmund_badplayer, uniq_edmund
D:6:      layout_basic, uniq_duvessa
D:7:      nicolae_BIG_FREAKIN_CUBE, layout_rooms, uniq_crazy_yiuf_cottage,
          uniq_prince_ribbit1, uniq_pikel
D:8:      layout_gridville, mainiacjoe_overflow_chevrons,
          nicolae_sif_muna_condensation, erik_lair_dragon, uniq_gastronok
D:9:      layout_grid_maze
D:10:     layout_irregular_city, serial_shops, nicolae_shop_behind_doors,
          grunt_ministairs_14, uniq_psyche
Temple:   nicolae_temple_slightly_damp_pantheon
Lair:1:   layout_regular_city, maelrawn_ghost_gauntlet_escape,
          grunt_forest_small_clearing_treed, uniq_grum
Lair:2:   layout_cave_pods, amcnicky_altar_lugonu_corruption,
          serial_bayou_shore_a
Lair:3:   layout_cellular_growth, minmay_shoals_entry_centaurs,
          nicolae_spider_entry_orb_guardian, gammafunk_ghost_arena
Lair:4:   layout_big_grid, gammafunk_ghost_wrathful_warriors,
          beast_lair_carwin_10, infiniplex_staircase_pool, lemuel_fruit_fields
Lair:5:   evilmike_catoblepas_cave, layout_regular_city,
          minmay_slime_entry_oklob_open, infiniplex_staircase_pool_2

Skill      XL: |  1  2  3  4  5  6  7  8  9 10 11 12 13 |
---------------+----------------------------------------+-----
Short Blades   | 4 5 6 |  6.5
Stealth        | 1 2 3 5 6 8 10 | 10.0
Fighting       | 3 4 5 7 8 9 10 | 10.0
Dodging        | 5 6 7 8 10 | 10.0
Long Blades    | 1 5 7 8 11 12 | 12.8
Invocations    | 3 5 8 10 | 10.2
Throwing       | 4 5 |  5.0
Armour         | 4 5 6 7 |  7.1
Evocations     | 1 4 |  4.6

Action                   |  1- 3 |  4- 6 |  7- 9 | 10-12 | 13-15 || total
-------------------------+-------+-------+-------+-------+-------++-------
Melee: Rapier            |    86 |       |       |       |       ||    86
       Dagger            |     1 |   139 |    65 |       |       ||   205
       Punch             |     1 |       |     1 |     4 |     2 ||     8
       Tailslap          |       |     7 |       |     1 |       ||     8
       Long sword        |       |       |   132 |   348 |   104 ||   584
       Short sword       |       |       |       |     5 |       ||     5
       Headbutt          |       |       |       |    42 |    28 ||    70
Throw: Javelin           |     1 |       |       |       |    10 ||    11
       Boomerang         |       |       |     2 |    52 |    16 ||    70
       Dart              |       |       |       |       |     2 ||     2
Invok: Stomp             |       |       |       |     3 |       ||     3
Evoke: Wand              |       |       |       |     4 |     2 ||     6
  Use: Scroll            |       |     3 |     9 |    14 |     3 ||    29
       Potion            |       |       |       |     4 |       ||     4
 Stab: Sleeping          |     3 |     6 |     5 |    22 |       ||    36
       Paralysed         |       |       |     5 |    33 |    27 ||    65
Armor: Leather armour    |    25 |    31 |    31 |    84 |    20 ||   191
Dodge: Dodged            |    79 |   104 |   158 |   373 |    82 ||   796

Table legend: (Time is in decaauts)
 A = Elapsed time spent in this place.
 B = Non-inter-level travel time spent in this place.
 C = Inter-level travel time spent in this place.
 D = Time resting spent in this place.
 E = Time spent auto-exploring this place.
 F = Levels seen in this place.
 G = Mean time per level.
                   A        B        C        D        E       F      G
               +--------+--------+--------+--------+--------+-----+--------+
         Total |  14372 |  13204 |   1168 |      0 |  10875 |  17 |  845.4 |
       Dungeon |   8210 |   7359 |    851 |      0 |   5975 |  10 |  821.0 |
        Temple |    251 |    203 |     48 |      0 |    171 |   1 |  251.0 |
          Lair |   5655 |   5386 |    269 |      0 |   4579 |   5 | 1131.0 |
         Sewer |    255 |    255 |      0 |      0 |    148 |   1 |  255.0 |
               +--------+--------+--------+--------+--------+-----+--------+

Top non-repeatable levels by time:
  Lair:2: 1401 daAuts
     D:8: 1385 daAuts
     D:1: 1161 daAuts
  Lair:4: 1152 daAuts
  Lair:5: 1103 daAuts
  Lair:1: 1032 daAuts
  Lair:3: 966 daAuts
     D:7: 962 daAuts
     D:3: 873 daAuts
     D:2: 859 daAuts
     D:5: 789 daAuts
     D:6: 698 daAuts
     D:4: 691 daAuts
     D:9: 648 daAuts
   Sewer: 255 daAuts
